 Dungeon Crawl Stone Soup version 0.27-a0-95-g5a9077b8ae (webtiles) character file.

Game seed: 11712580941846504226

64 knot the Chopper (level 3, -7/43 HPs)
             Began as a Demonspawn Berserker on Jan 19, 2021.
             Was a Follower of Trog.
             Killed by nerve-wracking pain
             ... invoked by Grinder
              (11 damage)
             ... on level 3 of the Dungeon.
             The game lasted 00:02:09 (2491 turns).

knot the Chopper (Demonspawn Berserker)             Turns: 2491, Time: 00:02:10

Health: -7/43      AC:  3    Str: 17    XL:     3   Next: 91%
Magic:  0/3        EV: 16    Int:  9    God:    Trog [*.....]
Gold:   118        SH:  0    Dex: 12    Spells: 2/2 levels left

rFire    . . .     SeeInvis .   a - +0 hand axe
rCold    + . .     Faith    .   (no shield)
rNeg     . . .     Spirit   +   b - +0 animal skin
rPois    .         Reflect  .   (helmet restricted)
rElec    .         Harm     .   (no cloak)
rCorr    .         Rampage  .   f - +0 pair of gloves
Will     .....                  (no boots)
Stlth    ..........             n - amulet of guardian spirit
HPRegen  0.14/turn              t - ring of protection from cold
MPRegen  0.08/turn              s - +4 ring of evasion

@: berserking, very quick
A: horns 2
a: Renounce Religion, Berserk


You were on level 3 of the Dungeon.
You worshipped Trog.
Trog was aware of your devotion.
You visited 1 branch of the dungeon, and saw 3 of its levels.

You collected 118 gold pieces.

Inventory:

Hand Weapons
 a - a +0 hand axe (weapon)
Missiles
 e - 4 boomerangs
 g - 14 stones
 o - 5 silver javelins
 q - 18 poisoned darts (quivered)
Armour
 b - a +0 animal skin (worn)
 f - a +0 pair of gloves (worn)
Jewellery
 n - an amulet of guardian spirit (around neck)
 s - a +4 ring of evasion (right hand)
 t - a ring of protection from cold (left hand)
Scrolls
 c - a scroll of amnesia {unknown}
 i - 2 scrolls of identify {unknown}
 j - a scroll of immolation {unknown}
 l - a scroll of fog {unknown}
 m - a scroll of teleportation
Potions
 d - 2 potions of flight {unknown}
 h - a potion of might {unknown}
 k - a potion of curing {unknown}
 p - 2 potions of brilliance {unknown}
 r - a potion of degeneration {unknown}
 u - a potion of resistance {unknown}
 v - a potion of attraction {unknown}


   Skills:
 - Level 3.0 Fighting
 * Level 4.1 Axes
 * Level 1.2 Throwing
 - Level 1.7 Armour
 - Level 1.7 Dodging


You had 2 spell levels left.
You didn't know any spells.
Your spell library contained the following spells:

 Spells                   Type           Power        Failure   Level
 Animate Skeleton         Necr           0%           38%         1
 Apportation              Tloc           0%           38%         1
 Corona                   Hex            0%           38%         1
 Summon Small Mammal      Summ           0%           38%         1


Dungeon Overview and Level Annotations

Branches:
Dungeon (3/15)

Altars:
Gozag
Vehumet

Shops:
D:2 *

Annotations:
D:3 Grinder


Innate Abilities, Weirdness & Mutations

You have a pair of horns on your head.


Message History

You are too injured to fight recklessly!
A red film seems to cover your vision as you go berserk!
You feel yourself moving faster!
You feel mighty! Grinder hits you!
You writhe in agony.
* * * LOW HITPOINT WARNING * * *
You slash Grinder! You headbutt Grinder!
Grinder is heavily wounded.
Grinder misses you.
You barely miss Grinder.
Grinder is heavily wounded.
Grinder gestures at you. Pain shoots through your body!
* * * LOW HITPOINT WARNING * * *
You slash Grinder! Your headbutt misses Grinder.
Grinder is almost dead.
You closely miss Grinder.
Grinder is almost dead.
Grinder gestures at you. Pain shoots through your body!
You die...

#######†.....###.###.#
...................#.#
............####.#...#
............# #.#####.#
........#.### #.......#
........#.# #.########
........#.######.........
#######.#................
#.########@########
#.#.....J5.# #.#.#...J###
#........ ....... .....
.... ....


You could see Grinder and 2 oozes.

Vanquished Creatures
  3 adders (D:2)
  A worm (D:2)
  A leopard gecko (D:2)
  5 orcs (D:3)
  4 goblins
  5 hobgoblins
  2 jackals (D:1)
  3 bats (D:1)
  2 frilled lizards
  3 rats
29 creatures vanquished.

Notes
Turn   | Place    | Note
-------+----------+-------------------------------------------
     0 | D:1      | knot the Demonspawn Berserker began the quest for the Orb.
     0 | D:1      | Reached XP level 1. HP: 18/18 MP: 1/1
   207 | D:1      | Reached skill level 3 in Axes
   296 | D:1      | Gained mutation: You have a pair of small horns on your
                  | head. [demonic ancestry]
   296 | D:1      | Reached XP level 2. HP: 18/24 MP: 2/2
  1478 | D:2      | Found a radiant altar of Vehumet.
  1617 | D:2      | Found a faded altar of an unknown god.
  1643 | D:2      | Gained mutation: You have a pair of horns on your head.
                  | [demonic ancestry]
  1643 | D:2      | Reached XP level 3. HP: 28/29 MP: 3/3
  1830 | D:2      | Found an opulent altar of Gozag.
  1830 | D:2      | Found Gozag's Platinum Reserve.
  1949 | D:2      | Reached skill level 4 in Axes
  1949 | D:2      | Reached skill level 1 in Throwing
  2484 | D:3      | Noticed Grinder
  2491 | D:3      | Killed from afar by Grinder

Illustrated notes

Levels and vault maps discovered:
D:1:      heliophobic_arrival_dark_side_of_the_moon, layout_basic,
          minmay_unequal
D:2:      layout_loops_ring, lemuel_doored_altar,
          chequers_ecumenical_altar_twisty, nicolae_gozag_zags_fifth_avenue
D:3:      layout_basic, led_xom_imps, uniq_grinder

Skill      XL: |  1  2  3 |
---------------+----------+-----
Axes           | 3 4 |  4.1
Throwing       | 1 |  1.2
Fighting       | |  3.0
Armour         | |  1.7
Dodging        | |  1.7

Action                   || total
-------------------------++-------
Melee: Hand axe          ||    86
       Headbutt          ||    13
Throw: Dart              ||     3
Invok: Berserk           ||     5
  Use: Scroll            ||     2
Armor: Animal skin       ||     5
Dodge: Dodged            ||    50

Table legend: (Time is in decaauts)
 A = Elapsed time spent in this place.
 B = Non-inter-level travel time spent in this place.
 C = Inter-level travel time spent in this place.
 D = Time resting spent in this place.
 E = Time spent auto-exploring this place.
 F = Levels seen in this place.
 G = Mean time per level.
                   A        B        C        D        E       F      G
               +--------+--------+--------+--------+--------+-----+--------+
         Total |   2536 |   2503 |     33 |   1107 |   1181 |   3 |  845.3 |
       Dungeon |   2536 |   2503 |     33 |   1107 |   1181 |   3 |  845.3 |
               +--------+--------+--------+--------+--------+-----+--------+

Top non-repeatable levels by time:
     D:2: 1457 daAuts
     D:1: 986 daAuts
     D:3: 91 daAuts
